 Dungeon Crawl Stone Soup version 0.29-a0-393-g47a863cc1b (webtiles) character file.

Game seed: 8278009951155257376

3 HendSelp the Insei (level 1, -1/13 HPs)
             Began as an Octopode Transmuter on May 10, 2022.
             Killed from afar by a dart slug (4 damage)
             ... with a slug dart
             ... on level 1 of the Dungeon.
             The game lasted 00:00:12 (49 turns).

HendSelp the Insei (Octopode Transmuter)              Turns: 49, Time: 00:00:13

Health: -1/13      AC:  1    Str:  9    XL:     1   Next: 50%
Magic:  2/3        EV: 13    Int: 15    God:
Gold:   0          SH:  0    Dex: 12    Spells: 3/4 levels left

rFire   . . .      SeeInvis .     - Unarmed
rCold   . . .      Faith    .   (no shield)
rNeg    . . .      Spirit   .   (helmet currently unavailable)
rPois   .          Reflect  .   (no amulet)
rElec   .          Harm     .   (no ring)
rCorr   .          Rampage  .   (no ring)
Will    .....                   (no ring)
Stlth   ++........              (no ring)
HPRegen 0.04/turn               (no ring)
MPRegen 0.08/turn               (no ring)
                                (no ring)
                                (no ring)

@: appendages (expiring)
A: tentacle spike 3, almost no armour, amphibious, 8 rings, camouflage 1,
gelatinous body 1, (nimble swimmer 1), tentacles
a: End Transformation


You were on level 1 of the Dungeon.
One of your tentacles had grown a beastly spike.
You visited 1 branch of the dungeon, and saw 1 of its levels.

Inventory:

Potions
 a - a potion of lignification
 b - a potion of flight {unknown}
 c - 2 potions of curing {unknown}
 d - a potion of might {unknown}
 e - a potion of haste {unknown}


   Skills:
 + Level 1.0 Fighting
 - Level 2.0 Dodging
 + Level 3.0 Unarmed Combat
 + Level 2.0 Spellcasting
 + Level 2.2 Transmutations


You had 3 spell levels left.
You knew the following spells:

 Your Spells              Type           Power      Damage    Failure   Level
a - Beastly Appendage     Tmut           16%        N/A       9%          1

Your spell library contained the following spells:

 Spells                   Type           Power      Damage    Failure   Level
 Wereblood                Tmut           8%         N/A       13%         2
 Spider Form              Tmut/Pois      4%         N/A       38%         3
 Ice Form                 Ice/Tmut       4%         N/A       80%         4


Dungeon Overview and Level Annotations

Branches:
Dungeon (1/15)

Altars:


Innate Abilities, Weirdness & Mutations

One of your tentacles has grown a beastly spike.
You cannot wear most types of armour.
You are amphibious.
You can wear up to eight rings at the same time.
Your skin changes colour to match your surroundings (Stealth+).
Your rubbery body absorbs attacks. (AC +1, EV +1)
((You are camouflaged when in or above water. (Stealth+)))
You have tentacles for arms and can constrict up to eight enemies at once.


Message History

You constrict the dart slug. The endoplasm freezes you.
You are frozen.
The dart slug barely misses you.
You are too injured to fight recklessly!
You are too injured to fight recklessly!
You are too injured to fight recklessly!
You are too injured to fight recklessly!
You are too injured to fight recklessly!
You are too injured to fight recklessly!
You are too injured to fight recklessly!
You are too injured to fight recklessly!
You are too injured to fight recklessly!
You are too injured to fight recklessly!
You are too injured to fight recklessly!
You are too injured to fight recklessly!
You are too injured to fight recklessly!
You are too injured to fight recklessly!
You release your grip on the dart slug.
The endoplasm attacks as you move away! The endoplasm hits you.
You tentacle-slap the endoplasm but do no damage.
You pierce the endoplasm.
The endoplasm is severely wounded.
Your transformation is almost over.
The endoplasm hits you.
* * * LOW HITPOINT WARNING * * *
Unknown command.
You tentacle-slap the endoplasm.
You kill the endoplasm!
Unknown command.
You tentacle-slap the endoplasm.
You pierce the endoplasm, but do no damage.
The endoplasm is moderately wounded.
The endoplasm completely misses you.
Unknown command.
You tentacle-slap the endoplasm but do no damage.
You pierce the endoplasm.
You tentacle-slap the endoplasm.
You kill the endoplasm!
The dart slug launches a dart at you. The slug dart hits you.
You die...

##.....>.## #.........#
#.........# ## #
#.........# .. . #
#.........# .#.##.#
#.........# .#...
#.........# ..?
#..).....)######.##.#..
#.............@.w......
#.....####'######......
#.....##PP#.#PP## #####
#....##P≈≈#.#..P##
.....##P≈≈≈#.#...P##
.)...#P≈≈≈≈#.#..P.P#
..#.##P≈≈≈≈#.#..PPP# .
#######.#######
+......<......+


You could see a dart slug.

Vanquished Creatures
  2 endoplasms (D:1)
  A goblin (D:1)
  A frilled lizard (D:1)
4 creatures vanquished.

Notes
Turn   | Place    | Note
-------+----------+-------------------------------------------
     0 | D:1      | HendSelp the Octopode Transmuter began the quest for the
                  | Orb.
     0 | D:1      | Reached XP level 1. HP: 13/13 MP: 3/3
    49 | D:1      | Killed from afar by a dart slug

Illustrated notes

Levels and vault maps discovered:
D:1:      psy_arrival_terrarium, layout_rooms, minmay_domino_4

Action                   || total
-------------------------++-------
Melee: Unarmed           ||     9
       Kick              ||     4
       Constrict         ||     2
       Tentacles         ||     2
       Punch             ||     1
 Cast: Beastly Appendage ||     1
Dodge: Dodged            ||     3

Table legend: (Time is in decaauts)
 A = Elapsed time spent in this place.
 B = Non-inter-level travel time spent in this place.
 C = Inter-level travel time spent in this place.
 D = Time resting spent in this place.
 E = Time spent auto-exploring this place.
 F = Levels seen in this place.
 G = Mean time per level.
                   A        B        C        D        E       F      G
               +--------+--------+--------+--------+--------+-----+--------+
         Total |     48 |     48 |      0 |      0 |     26 |   1 |   48.0 |
       Dungeon |     48 |     48 |      0 |      0 |     26 |   1 |   48.0 |
               +--------+--------+--------+--------+--------+-----+--------+

Top non-repeatable levels by time:
     D:1: 48 daAuts
